AoeStats
← ecerva.27

Arabia

509218184Analyzed
2v2 RM · 7d ago on Sep 25, 2026· 9m 46s· 4 players
Game mode
Random Map
Map size
Medium (4 player)
Population
200
Speed
Normal
Resources
Standard
Victory
Conquest
Starting age
Dark Age
Ending age
Imperial Age
RankedLock teamsTeams togetherTeam positionsShared explorationLock speedFull tech treeHidden civsTurbo modeCheats
Victory
Defeat
🇦🇷 Ethiopians · Argentina
1347
+13
🇦🇷 Varangians · Argentina
1179
+19
🇦🇷 Ethiopians · Argentina
1274
-16
🇲🇽 Danes · Mexico
1267
-16
zY.Thorfinn
6:49 Loom
9:06 Feudal Age
EL CABALLERO
6:21 Loom
8:55 Feudal Age
ant
6:54 Loom
9:55 Feudal Age
11:11 Feudal Age
ecerva.27
5:22 Loom
10:32 Feudal Age
Connection lost

Rejoining the realm…

Still unreachable

The connection could not be restored.

Session expired

The server has moved on; the page needs a fresh start.